 Dungeon Crawl Stone Soup version 0.32-a0-841-g4648e6c457 (webtiles) character file.

Game seed: 12691339554391445269

56 epen the Chiller (level 3, 0/28 HPs)
             Began as a Ghoul Ice Elementalist on Mar 26, 2024.
             Killed from afar by Sigmund (11 damage)
             ... with a puff of flame
             ... on level 3 of the Dungeon.
             The game lasted 00:03:07 (2418 turns).

epen the Chiller (Ghoul Ice Elementalist)           Turns: 2418, Time: 00:03:08

Health: 0/28       AC:  2    Str: 11    XL:     3   Next: 95%
Magic:  6/6        EV: 11    Int: 14    God:
Gold:   98         SH:  0    Dex: 11    Spells: 2/6 levels left

rFire   . .          .
                       - Unarmed
rCold   + . .        (no shield)
rNeg    + + +        a - +0 robe
rPois   ∞            (no helmet)
rElec   .            (no cloak)
rCorr   .            (no gloves)
SInv    .            (no boots)
Will    .....        (no amulet)
Stlth   ++           (no ring)
HPRegen 0.00/turn    (no ring)
MPRegen 0.10/turn

%: no passive effects
@: inhibited regen
A: claws 1, cold resistance 1, negative energy resistance 3, inhibited
regeneration, torment resistance 2, devour on kill
a: no special abilities


You were on level 3 of the Dungeon.
You visited 1 branch of the dungeon, and saw 3 of its levels.

You collected 98 gold pieces.

Inventory:

Armour
 a - a +0 robe (worn)
Scrolls
 d - 2 scrolls of identify
 f - a scroll of blinking {unknown}
 i - a scroll of fog {unknown}
Potions
 b - a potion of magic
 c - a potion of degeneration
 e - a potion of curing
 g - 2 potions of mutation {unknown}
 h - a potion of ambrosia


   Skills:
 + Level 1.3 Fighting
 + Level 2.2 Dodging
 - Level 2.1 Stealth
 + Level 1.4 Unarmed Combat
 + Level 2.2 Spellcasting
 + Level 4.7 Ice Magic


You had 2 spell levels left.
You knew the following spells:

 Your Spells              Type           Power      Damage    Failure   Level
a - Freeze                Ice            56%        1d7       3%          1
b - Frozen Ramparts       Ice            28%        1d5       10%         3

Your spell library contained the following spells:

 Spells                   Type           Power      Damage    Failure   Level
 Ensorcelled Hibernation  Hex/Ice        16%        N/A       13%         2
 Ozocubu's Armour         Ice            14%        N/A       10%         3
 Summon Ice Beast         Ice/Summ       8%         N/A       26%         3
 Fugue of the Fallen      Necr           1%         N/A       56%         3
 Anguish                  Hex/Necr       0%         N/A       93%         4


Dungeon Overview and Level Annotations

Branches:
Dungeon (3/15)

Altars:

Annotations:
D:3 Sigmund


Innate Abilities, Weirdness & Mutations

You are immune to poison.
You have sharp fingernails.
Your flesh is cold resistant. (rC+)
You are immune to negative energy. (rN+++)
You do not regenerate when monsters are visible.
You are immune to unholy pain and torment.
You thrive by killing the living.


Message History

You scratch the rat but do no damage. The rat bites you.
Casting: Frozen Ramparts (quite dangerous; 10% risk of failure)
Confirm with . or Enter, or press ? or * to list all spells.
Okay, then.
Unknown command.
Casting: Frozen Ramparts (quite dangerous; 10% risk of failure)
Confirm with . or Enter, or press ? or * to list all spells.
Okay, then.
Casting: Frozen Ramparts (quite dangerous; 10% risk of failure)
Confirm with . or Enter, or press ? or * to list all spells.
Casting: Frozen Ramparts (quite dangerous; 10% risk of failure)
Press: ? - help, Dir - look around, f - activate The walls around you are covered in ice.
The wall freezes the rat.
The rat bites you but does no damage.
The wall freezes the kobold.
You scratch the rat.
You kill the rat!
You feel better.
The wall freezes the kobold.
You kill the kobold!
No target in view!
The frozen ramparts melt away.
A bat comes into view.
The bat moves out of view.
You see here a +0 dagger.
Found 5 javelins.
You see here a +0 dagger.
Found a stone staircase leading up.
Sigmund the Dreaded comes into view.
He is wielding a +0 scythe.
Sigmund shouts!
Sigmund points at you and mumbles some strange words.
The puff of flame hits you!
Sigmund hits you from afar with a +0 scythe!
You are too injured to fight recklessly!
Casting: Frozen Ramparts (quite dangerous; 10% risk of failure)
Confirm with . or Enter, or press ? or * to list all spells.
Okay, then.
Sigmund gestures at you while chanting. The puff of flame hits you!
You die...
Sigmund begins carving another notch in his scythe.

...........>..........#####
###############.......#
##......# #......# #......#
#.###### #.# #.# #@# #@#
#.# ..# ###


You could see Sigmund.

Vanquished Creatures
  2 dart slugs (D:1)
  A ribbon worm (D:2)
  4 endoplasms
  3 giant cockroaches
  7 goblins
  7 hobgoblins
  3 jackals (D:2)
  4 kobolds
  A quokka (D:1)
  3 ball pythons
  A bat (D:1)
  4 frilled lizards
  4 rats
44 creatures vanquished.

Notes
Turn   | Place    | Note
-------+----------+-------------------------------------------
     0 | D:1      | epen the Ghoul Ice Elementalist began the quest for the
                  | Orb.
     0 | D:1      | Reached XP level 1. HP: 14/14 MP: 3/3
   192 | D:1      | Reached XP level 2. HP: 1/22 MP: 1/4
   944 | D:1      | Reached skill level 1 in Fighting
   944 | D:1      | Reached skill level 1 in Unarmed Combat
  1219 | D:2      | Reached XP level 3. HP: 28/28 MP: 6/6
  1874 | D:2      | Learned a level 3 spell: Frozen Ramparts
  2414 | D:3      | Noticed Sigmund
  2418 | D:3      | Killed from afar by Sigmund

Illustrated notes

Levels and vault maps discovered:
D:1:      lemuel_arrival_lava_pool, layout_loops_corners,
          minmay_misc_feat_four_crosses
D:2:      layout_loops_ring, minmay_misc_feat_secret_circle
D:3:      layout_rooms, vehumet_altar_wand_db, serial_forest,
          infiniplex_forest_3_way, infiniplex_forest_end_1,
          infiniplex_forest_join, infiniplex_forest_clump_cross,
          infiniplex_forest_straight_4, infiniplex_forest_straight_3,
          infiniplex_forest_straight_2, infiniplex_forest_straight_2,
          st_stairs_13, nicolae_wormholes, uniq_sigmund

Skill      XL: |  1  2 |
---------------+-------+-----
Dodging        | 2 |  2.2
Spellcasting   | 2 |  2.2
Fighting       | 1 |  1.3
Unarmed Combat | 1 |  1.4
Stealth        | |  2.1
Ice Magic      | |  4.7

Action                     || total
---------------------------++-------
  Melee: Unarmed           ||   115
         Punch             ||     1
   Cast: Freeze            ||    21
         Frozen Ramparts   ||     2
    Use: Scroll            ||     5
   Stab: Sleeping          ||     3
 Armour: Robe              ||    80
  Dodge: Dodged            ||    64

Table legend: (Time is in decaauts)
 A = Elapsed time spent in this place.
 B = Non-inter-level travel time spent in this place.
 C = Inter-level travel time spent in this place.
 D = Time resting spent in this place.
 E = Time spent auto-exploring this place.
 F = Levels seen in this place.
 G = Mean time per level.
                   A        B        C        D        E       F      G
               +--------+--------+--------+--------+--------+-----+--------+
         Total |   2415 |   2316 |     99 |    163 |   1838 |   3 |  805.0 |
       Dungeon |   2415 |   2316 |     99 |    163 |   1838 |   3 |  805.0 |
               +--------+--------+--------+--------+--------+-----+--------+

Top non-repeatable levels by time:
     D:1: 1206 daAuts
     D:2: 797 daAuts
     D:3: 411 daAuts
